 Dungeon Crawl Stone Soup version 0.27-a0-1196-g3e9cee4cb2 (webtiles) character file.

Game seed: 4809331035467763727

56 Azzok the Chopper (level 3, 23/43 HPs)
             Began as a Demonspawn Berserker on May 29, 2021.
             Was a Believer of Trog.
             Quit the game on level 2 of the Dungeon.
             The game lasted 00:00:55 (1197 turns).

Azzok the Chopper (Demonspawn Berserker)            Turns: 1197, Time: 00:00:56

Health: 23/43      AC:  7    Str: 18    XL:     3   Next: 69%
Magic:  3/3        EV: 10    Int:  8    God:    Trog [**....]
Gold:   75         SH:  0    Dex: 12    Spells: 2/2 levels left

rFire    . . .     SeeInvis .   a - +0 hand axe
rCold    . . .     Faith    .   (no shield)
rNeg     . . .     Spirit   .   d - +0 scale mail
rPois    .         Reflect  .   (no helmet)
rElec    .         Harm     .   f - +0 cloak
rCorr    .         Rampage  .   (no gloves)
Will     .....                  (no boots)
Stlth    ..........             (no amulet)
HPRegen  0.14/turn              (no ring)
MPRegen  0.16/turn              (no ring)

@: berserking (expiring), very quick
A: claws 1, magic regeneration
a: Renounce Religion, Berserk, Trog's Hand


You were on level 2 of the Dungeon.
You worshipped Trog.
Trog was pleased with you.
You visited 1 branch of the dungeon, and saw 2 of its levels.

You collected 75 gold pieces.

Inventory:

Hand Weapons
 a - a +0 hand axe (weapon)
Armour
 d - a +0 scale mail (worn)
 f - a +0 cloak (worn)
Scrolls
 b - a scroll of enchant weapon {unknown}
 c - a scroll of torment {unknown}
Potions
 e - a potion of lignification {unknown}


   Skills:
 - Level 3.0 Fighting
 + Level 4.3 Axes
 - Level 1.7 Armour
 - Level 1.7 Dodging


You had 2 spell levels left.
You didn't know any spells.
Your spell library was empty.

Dungeon Overview and Level Annotations

Branches:
Dungeon (2/15)

Altars:


Innate Abilities, Weirdness & Mutations

You have sharp fingernails.
You regenerate magic rapidly.


Message History

The gnoll misses you. The gnoll closely misses you.
A red film seems to cover your vision as you go berserk!
You feel yourself moving faster!
You feel mighty! The gnoll barely misses you.
The rat bites you but does no damage. The gnoll hits you with a +0 flail.
The gnoll barely misses you.
You barely miss the gnoll. You hit the gnoll. You closely miss the rat.
The gnoll hits you with a +0 whip.
You slash the gnoll!
The gnoll is severely wounded.
You hit the gnoll. You barely miss the rat.
The rat bites you but does no damage. The gnoll misses you.
The gnoll hits you from afar with a +0 spear.
You slash the gnoll!
You kill the gnoll!
Trog accepts your kill.
You closely miss the gnoll. You hit the rat.
You kill the rat!
Trog accepts your kill. The gnoll hits you with a +0 whip.
The gnoll hits you but does no damage.
Your Axes skill increases to level 4!
You have reached level 3!
Your experience leads to an increase in your attributes!
Increase (S)trength, (I)ntelligence, or (D)exterity?
You feel stronger.
Your demonic ancestry asserts itself...
Your magic begins to regenerate rapidly.
The gnoll hits you with a +0 whip. The gnoll barely misses you.
You see here a +0 flail.
You slash the gnoll!
The gnoll is severely wounded.
You hit the gnoll. You hit the gnoll.
You kill the gnoll!
Trog accepts your kill.
You slash the gnoll!
You kill the gnoll!
Trog accepts your kill.
You can now call upon Trog for regeneration and willpower.
Things that are here:
a +0 spear; a gnoll corpse Are you sure you want to abandon this character and quit the game? (Confirm with "yes".)

▒·▒·▒ ▒▒▒····
······ ▒ ·····
·▒ ▒▒▒·▒<▒▒▒·▒
·········▒ ··
▒·▒···(··▒
▒·▒▒·▒·@····▒
▒······)····▒
▒·▒▒·▒··)···▒
▒▒·▒▒·▒······▒
▒·····▒?·····▒
▒··········▒▒▒
▒·······▒▒▒▒
▒·▒·▒▒▒▒▒
▒·▒·▒▒▒▒▒


There were no monsters in sight!

Vanquished Creatures
  3 gnolls (D:2)
  2 bats (D:1)
  An endoplasm (D:1)
  2 giant cockroaches (D:1)
  3 goblins
  2 hobgoblins (D:1)
  4 jackals (D:1)
  2 kobolds (D:1)
  A quokka (D:1)
  A frilled lizard (D:1)
  4 rats
25 creatures vanquished.

Notes
Turn   | Place    | Note
-------+----------+-------------------------------------------
     0 | D:1      | Azzok the Demonspawn Berserker began the quest for the Orb.
     0 | D:1      | Reached XP level 1. HP: 18/18 MP: 1/1
   134 | D:1      | Reached skill level 3 in Axes
   367 | D:1      | Gained mutation: You have sharp fingernails. [demonic
                  | ancestry]
   367 | D:1      | Reached XP level 2. HP: 24/24 MP: 2/2
   849 | D:1      | Found a faded altar of an unknown god.
  1193 | D:2      | Reached skill level 4 in Axes
  1193 | D:2      | Gained mutation: You regenerate magic rapidly. [demonic
                  | ancestry]
  1193 | D:2      | Reached XP level 3. HP: 25/29 MP: 3/3
  1195 | D:2      | Reached ** piety under Trog
  1197 | D:2      | Quit the game

Illustrated notes

Levels and vault maps discovered:
D:1:      ncdulo_wetmaze, layout_loops_cross, hellmonk_ecumenical_altar_zigzags
D:2:      layout_loops_cross

Skill      XL: |  1  2 |
---------------+-------+-----
Axes           | 3 4 |  4.3
Fighting       | |  3.0
Armour         | |  1.7
Dodging        | |  1.7

Action                   || total
-------------------------++-------
Melee: Hand axe          ||    69
Invok: Berserk           ||     1
Armor: Animal skin       ||     9
       Scale mail        ||    20
Dodge: Dodged            ||    55

Table legend: (Time is in decaauts)
 A = Elapsed time spent in this place.
 B = Non-inter-level travel time spent in this place.
 C = Inter-level travel time spent in this place.
 D = Time resting spent in this place.
 E = Time spent auto-exploring this place.
 F = Levels seen in this place.
 G = Mean time per level.
                   A        B        C        D        E       F      G
               +--------+--------+--------+--------+--------+-----+--------+
         Total |   1209 |   1172 |     37 |      0 |    984 |   2 |  604.5 |
       Dungeon |   1209 |   1172 |     37 |      0 |    984 |   2 |  604.5 |
               +--------+--------+--------+--------+--------+-----+--------+

Top non-repeatable levels by time:
     D:1: 1079 daAuts
     D:2: 130 daAuts
